 Dungeon Crawl Stone Soup version 0.24-a0-433-gbe6fa4f6cc (webtiles) character file.

Game seed: 1971965110794216556

14 Elric the Vexing (level 2, 0/23 HPs)
             Began as a Gnoll Arcane Marksman on June 14, 2019.
             Slain by a hobgoblin (3 damage)
             ... on level 1 of the Dungeon.
             The game lasted 00:02:02 (316 turns).

Elric the Vexing (Gnoll Arcane Marksman)             Turns: 316, Time: 00:02:03

Health: 0/23       AC:  2    Str: 12    XL:     2   Next: 45%
Magic:  5/5        EV: 14    Int: 15    God:
Gold:   18         SH:  0    Dex: 15    Spells: 5/6 levels left

rFire    . . .     SeeInvis .   h - +0 whip
rCold    . . .     Gourm    .   (no shield)
rNeg     . . .     Faith    .   a - +0 robe
rPois    .         Spirit   .   (no helmet)
rElec    .         Reflect  .   (no cloak)
rCorr    .         Harm     .   (no gloves)
MR       .....                  (no boots)
Stlth    ++........             (no amulet)
HPRegen  0.07/turn              (no ring)
MPRegen  0.09/turn              (no ring)

@: no status effects
A: distributed training, fangs 1, strong nose
a: no special abilities


You were on level 1 of the Dungeon.
You were not hungry.

You visited 1 branch of the dungeon, and saw 1 of its levels.

You collected 18 gold pieces.

Inventory:

Hand Weapons
 e - a +0 dagger
 h - a +0 whip (weapon)
Missiles
 b - 14 stones (quivered)
 d - 2 throwing nets
Armour
 a - a +0 robe (worn)
Scrolls
 g - a scroll of magic mapping {unknown}
Comestibles
 f - a ration


   Skills:
 + Level 2.5 Fighting
 + Level 0.4 Short Blades
 + Level 0.4 Long Blades
 + Level 0.4 Axes
 + Level 0.4 Maces & Flails
 + Level 0.4 Polearms
 + Level 0.4 Staves
 + Level 0.4 Slings
 + Level 0.4 Bows
 + Level 0.4 Crossbows
 + Level 4.5 Throwing
 + Level 0.4 Armour
 + Level 4.5 Dodging
 + Level 0.4 Stealth
 + Level 0.4 Shields
 + Level 0.4 Unarmed Combat
 + Level 2.7 Spellcasting
 + Level 0.2 Conjurations
 + Level 5.3 Hexes
 + Level 0.2 Charms
 + Level 0.2 Summonings
 + Level 0.2 Necromancy
 + Level 0.2 Translocations
 + Level 0.2 Transmutations
 + Level 0.2 Fire Magic
 + Level 0.2 Ice Magic
 + Level 0.2 Air Magic
 + Level 0.2 Earth Magic
 + Level 0.2 Poison Magic
 + Level 0.5 Invocations
 + Level 0.4 Evocations


You had 5 spell levels left.
You knew the following spells:

 Your Spells              Type           Power        Failure   Level  Hunger
a - Corona                Hex            ###....      2%          1    #......

Your spell library contained the following spells:

 Spells                   Type           Power        Failure   Level  Hunger
 Slow                     Hex            ###.....     3%          2    ##.....
 Inner Flame              Hex/Fire       ##......     19%         3    ###....
 Portal Projectile        Hex/Tloc       ##....       19%         3    ###....
 Cause Fear               Hex            ###.......   22%         4    #####..
 Leda's Liquefaction      Hex/Erth       ##........   54%         4    #####..


Dungeon Overview and Level Annotations

Branches:
Dungeon (1/15)

Altars:


Innate Abilities, Weirdness & Mutations

Your experience applies equally to all skills.
You have very sharp teeth.
Your uncanny sense of smell can sniff out nearby items.


Message History

The hobgoblin hits you.
* * * LOW HITPOINT WARNING * * *
You barely miss the hobgoblin. The hobgoblin hits you.
* * * LOW HITPOINT WARNING * * *
Throwing (i - inventory. (/) - cycle)
c - a javelin (quivered)
Press: ? - help, Shift-Dir - straight line, f/p - hobgoblin
Aim: a hobgoblin You throw a javelin.
The javelin barely misses the hobgoblin.
The hobgoblin barely misses you.
The hobgoblin hits you but does no damage.
You aren't carrying any potions.
Throwing (i - inventory. (/) - cycle)
b - 15 stones (quivered)
Press: ? - help, Shift-Dir - straight line, f/p - hobgoblin
Aim: a hobgoblin You throw a stone.
The stone hits the hobgoblin but does no damage.
The hobgoblin closely misses you.
You closely miss the hobgoblin. The hobgoblin hits you.
You die...

..................#..#.....##.##.
.......#######..#...##.....##..##
.......# #..##...#.#...##....
.......# ##.#..#...#...##.#..
........ #.(.###..#...##.###
.......## ##.......#†####.#
#...#... ∆ #).##...#.## #.#
#.#.#.### ∆ #g###...#..# #.#
#.#.#. #@†.....##.###.#
####....##..##.# #....###.##.#
#.........#.# #.........#.#
#...........# ####........###
#........##. #........##.


You could see a hobgoblin.

Vanquished Creatures
  A dart slug (D:1)
  3 goblins (D:1)
  2 hobgoblins (D:1)
  A kobold (D:1)
  3 bats (D:1)
  A rat (D:1)
11 creatures vanquished.

Notes
Turn   | Place    | Note
-------+----------+-------------------------------------------
     0 | D:1      | Elric the Gnoll Arcane Marksman began the quest for the
                  | Orb.
     0 | D:1      | Reached XP level 1. HP: 17/17 MP: 4/4
   124 | D:1      | Reached XP level 2. HP: 20/23 MP: 5/5
   316 | D:1      | Slain by a hobgoblin

Levels and vault maps discovered:
D:1:      dpeg_arrival_houses_and_road, layout_basic, minmay_tetromino_t4

Action                   || total
-------------------------++-------
Melee: Dagger            ||    15
       Whip              ||    13
       Bite              ||     1
Throw: Javelin           ||    11
       Stone             ||     1
Armor: Robe              ||    15
Dodge: Dodged            ||    57

Table legend:
 A = Non-vault XP
 B = Vault XP
 C = Vault XP percentage of total XP
 D = Non-vault monster count
 E = Vault monster count
 F = Vault count percentage of total count
                 A         B        C        D         E       F
            +---------+---------+-------+---------+---------+-------
      Total |      15 |       6 |  28.6 |       8 |       3 |  27.3
            +---------+---------+-------+---------+---------+-------
        D:1 |      15 |       6 |  28.6 |       8 |       3 |  27.3
            +---------+---------+-------+---------+---------+-------
